 Dungeon Crawl Stone Soup version 0.22.0-60-ga52c2fc (webtiles) character file.

25 shmeve the Ducker (level 3, -2/39 HPs)
             Began as an Octopode Berserker on Sept 10, 2018.
             Was a Follower of Trog.
             Slain by a gnoll
             ... wielding a +0 spear
              (6 damage)
             ... on level 2 of the Dungeon.
             The game lasted 00:01:36 (765 turns).

shmeve the Ducker (Octopode Berserker)               Turns: 765, Time: 00:01:36

Health: -2/39      AC:  1    Str: 22    XL:     3   Next: 6%
Magic:  3/3        EV: 14    Int:  9    God:    Trog [*.....]
Gold:   94         SH:  0    Dex: 11    Spells: 2/2 levels left

rFire    . . .     SeeInvis .   a - +0 hand axe
rCold    . . .     Gourm    .   (no shield)
rNeg     . . .     Faith    .   (helmet restricted)
rPois    .         Spirit   .   (no amulet)
rElec    .         Reflect  .   (no ring)
rCorr    .         Harm     .   (no ring)
MR       .....                  (no ring)
Stlth    ..........             (no ring)
HPRegen  0.13/turn              (no ring)
MPRegen  0.08/turn              (no ring)
                                (no ring)
                                (no ring)

@: berserking (expiring), very quick
A: almost no armour, stealthy swim, amphibious, 8 rings, constrict 8, camouflage
1, gelatinous body 1
a: Berserk, Renounce Religion


You were on level 2 of the Dungeon.
You worshipped Trog.
Trog was aware of your devotion.
You were not hungry.

You visited 1 branch of the dungeon, and saw 2 of its levels.

You collected 94 gold pieces.

Inventory:

Hand Weapons
 a - a +0 hand axe (weapon)
 f - a +0 mace
Scrolls
 g - a scroll of amnesia {unknown}
Potions
 c - 2 potions of curing {unknown}
 e - a potion of agility {unknown}
Comestibles
 b - 3 rations
 d - 3 chunks of flesh


   Skills:
 * Level 3.2 Fighting
 * Level 3.3 Axes
 + Level 0.4 Throwing
 * Level 3.3 Dodging
 + Level 1.1 Stealth


You had 2 spell levels left.
You didn't know any spells.
Your spell library was empty.

Dungeon Overview and Level Annotations

Branches:
Dungeon (2/15)

Altars:


Innate Abilities, Weirdness & Mutations

You cannot wear most types of armour.
You are very stealthy in the water. (Stealth+)
You are amphibious.
You can wear up to eight rings at the same time.
You can use your tentacles to constrict eight enemies at once.
Your skin changes colour to match your surroundings (Stealth+).
Your rubbery body absorbs attacks. (AC +1, EV +1)


Message History

Trog accepts your kill.
You have reached level 3!
Your experience leads to an increase in your attributes!
Increase (S)trength, (I)ntelligence, or (D)exterity?
You feel stronger.
You closely miss the frilled lizard. Your grab misses the frilled lizard.
The frilled lizard barely misses you. The frilled lizard bites you.
You closely miss the frilled lizard. Your grab misses the frilled lizard.
The gnoll hits you from afar with a spear!
* * * LOW HITPOINT WARNING * * *
The frilled lizard misses you.
A red film seems to cover your vision as you go berserk!
You feel yourself moving faster!
You feel mighty!
You feel a lot more hungry. The gnoll barely misses you.
The frilled lizard bites you.
* * * LOW HITPOINT WARNING * * *
You feel a strong urge to attack something.
The gnoll barely misses you.
A gnoll comes into view. It is wielding a spear.
The gnoll hits you with a spear.
You die...

.. .# . g
#. .# .
###. #. #..
#..##.##.#
###
#........#
...
#@g###.####
#..........
#.
#.#l.#####
.# #..
#.#..# #.#
#.#
#.#..######
#.# #.#
#.#.......#
#.# #.#
#.#.#####.#
#.# #.#
#.#.# #.#
#.# ##.##
#.#.#
#.###.####


You could see 2 gnolls and a frilled lizard.

Vanquished Creatures
  4 dart slugs
  4 bats (D:1)
  2 giant cockroaches (D:1)
  2 hobgoblins (D:2)
  2 frilled lizards (D:1)
  3 kobolds (D:1)
  2 rats (D:1)
19 creatures vanquished.

Notes
Turn   | Place    | Note
-------+----------+-------------------------------------------
     0 | D:1      | shmeve the Octopode Berserker began the quest for the Orb.
     0 | D:1      | Reached XP level 1. HP: 16/16 MP: 1/1
   265 | D:1      | Reached XP level 2. HP: 21/21 MP: 2/2
   502 | D:1      | Reached skill level 1 in Stealth
   759 | D:2      | Reached XP level 3. HP: 18/26 MP: 3/3
   765 | D:2      | Slain by a gnoll

Skill      XL: |  1  2 |
---------------+-------+-----
Stealth        | 1 |  1.1
Fighting       | |  3.2
Axes           | |  3.3
Throwing       | |  0.4
Dodging        | |  3.3

Action                   || total
-------------------------++-------
Melee: Hand axe          ||    33
       Constrict         ||    10
       Tentacles         ||     3
Invok: Berserk           ||     1
 Stab: Sleeping          ||     3
Armor: Skin              ||     4
Dodge: Dodged            ||    18
